 Dungeon Crawl Stone Soup version 0.30.1-11-g7821555f0a (webtiles) character file.

Game seed: 9107166163067584999

49 Glitchless the Trooper (level 3, -3/60 HPs)
             Began as an Ogre Berserker on Dec 9, 2023.
             Was a Believer of Trog.
             Killed from afar by Ijyb (8 damage)
             ... with a puff of flame
             ... on level 2 of the Dungeon.
             The game lasted 00:03:56 (1461 turns).

Glitchless the Trooper (Ogre Berserker)             Turns: 1461, Time: 00:03:56

Health: -3/60      AC:  3    Str: 23    XL:     3   Next: 75%
Magic:  3/3        EV: 10    Int:  8    God:    Trog [**....]
Gold:   114        SH:  0    Dex:  8    Spells: 2/2 levels left

rFire   . . .        l - +2 morningstar (holy)
rCold   . . .        (no shield)
rNeg    . . .        b - +0 animal skin
rPois   .            (helmet restricted)
rElec   .            (no cloak)
rCorr   .            (gloves unavailable)
SInv    .            (boots unavailable)
Will    .....        (no amulet) Stlth
                     (no ring)
HPRegen 0.30/turn    (no ring)
MPRegen 0.08/turn

%: no passive effects
@: berserking, very quick
A: large, unfitting armour, tough skin 1
a: Renounce Religion, Berserk, Trog's Hand


You were on level 2 of the Dungeon.
You worshipped Trog.
Trog was pleased with you.
You visited 1 branch of the dungeon, and saw 2 of its levels.

You collected 114 gold pieces.

Inventory:

Hand Weapons
 i - a +1 heavy hand axe
 l - a +2 morningstar of holy wrath (weapon)
Missiles
 d - a throwing net (quivered)
Armour
 b - a +0 animal skin (worn)
Wands
 e - a wand of charming (12)
Scrolls
 a - a scroll of immolation {unknown}
 n - a scroll of silence {unknown}
Potions
 c - a potion of cancellation {unknown}
 f - 3 potions of curing
 g - a potion of magic {unknown}
 h - a potion of brilliance {unknown}
 j - a potion of might {unknown}
 k - a potion of heal wounds {unknown}
 m - a potion of resistance {unknown}
 o - a potion of degeneration {unknown}


   Skills:
 * Level 4.5 Fighting
 * Level 3.4 Maces & Flails
 * Level 0.5 Armour
 * Level 3.1 Dodging


You had 2 spell levels left.
You didn't know any spells.
Your spell library was empty.

Dungeon Overview and Level Annotations

Branches:
Dungeon (2/15)

Altars:

Annotations:
D:2 Ijyb


Innate Abilities, Weirdness & Mutations

You are too large for most types of armour.
You have tough skin. (AC +1)


Message History

The goblin attacks as you move away! The goblin hits you but does no damage.
You barely miss Ijyb.
Ijyb zaps a wand.
The puff of flame hits you!
You hit Ijyb but do no damage. Ijyb hits you with a +0 dagger.
You puncture Ijyb!
Ijyb is severely wounded.
Ijyb misses you. The goblin closely misses you.
You hit Ijyb.
Ijyb is almost dead.
Ijyb hits you with a +0 dagger. The goblin barely misses you.
The goblin hits you with a +0 club.
Ijyb zaps a wand.
The puff of flame hits you!
You barely miss Ijyb.
Ijyb is almost dead.
Ijyb zaps a wand.
The puff of flame hits you! The goblin closely misses you.
You closely miss Ijyb.
Ijyb is almost dead.
Ijyb closely misses you. The goblin hits you with a +0 club.
* * * LOW HITPOINT WARNING * * *
You fail to use your ability.
The goblin completely misses you. Ijyb closely misses you.
A red film seems to cover your vision as you go berserk!
You feel yourself moving faster!
You feel mighty!
Ijyb zaps a wand.
The puff of flame hits you!
* * * LOW HITPOINT WARNING * * *
The goblin closely misses you.
You barely miss the goblin. Ijyb hits you with a +0 dagger.
* * * LOW HITPOINT WARNING * * *
The goblin hits you with a +0 club.
* * * LOW HITPOINT WARNING * * *
You closely miss the goblin. The goblin barely misses you.
Ijyb completely misses you.
You closely miss the goblin. Ijyb barely misses you.
The goblin closely misses you.
You miss the goblin. Ijyb hits you with a +0 dagger.
* * * LOW HITPOINT WARNING * * *
The goblin hits you but does no damage.
You closely miss the goblin. The goblin hits you with a +0 club.
* * * LOW HITPOINT WARNING * * *
Ijyb zaps a wand.
The puff of flame hits you!
You die...

#........## #.# ###.........
#.........###.# ##.#......
#########..##.#### #...###..
##.......# ##..#....
###.###.# #.[..#.. #.# #.#
#....#..
######.###.######.......
#...$#................#.
#....##@g........#.##...
######....##g####.........#..
.......g.g.gg# #...†.....#..
.......g..#### ##.........#..
#8....g8#.# #..........#.#
#.......#.# #.............#
#8...g.8#.# ..............##
#.......### ............#####
#8...g.8# ##..........#####


You could see Ijyb and 3 goblins.

Vanquished Creatures
  An adder (D:2)
  A worm (D:2)
  4 ball pythons
  2 endoplasms (D:1)
  3 hobgoblins (D:1)
  2 jackals (D:2)
  4 quokkas
  A bat (D:2)
  A frilled lizard (D:1)
  3 goblins
  5 kobolds
  7 rats
34 creatures vanquished.

Notes
Turn   | Place    | Note
-------+----------+-------------------------------------------
     0 | D:1      | Glitchless the Ogre Berserker began the quest for the Orb.
     0 | D:1      | Reached XP level 1. HP: 24/24 MP: 1/1
   200 | D:1      | Reached XP level 2. HP: 20/32 MP: 2/2
   870 | D:1      | Found a faded altar of an unknown god.
   989 | D:2      | Reached XP level 3. HP: 40/40 MP: 3/3
   991 | D:2      | Reached ** piety under Trog
  1435 | D:2      | Noticed Ijyb
  1461 | D:2      | Killed from afar by Ijyb

Illustrated notes

Levels and vault maps discovered:
D:1:      dpeg_arrival_arbitrary_b, layout_loops_ring,
          hellmonk_ecumenical_altar_slurped_away, minmay_3d_cube
D:2:      kennysheep_the_goblin_king, layout_rooms

Skill      XL: |  1  2 |
---------------+-------+-----
Maces & Flails | 3 |  3.4
Dodging        | 3 |  3.1
Fighting       | |  4.5
Armour         | |  0.5

Action                     || total
---------------------------++-------
  Melee: Mace              ||    50
         Morningstar       ||    54
 Invoke: Berserk           ||     1
    Use: Scroll            ||     3
 Armour: Animal skin       ||    35
  Dodge: Dodged            ||    63
